 Dungeon Crawl Stone Soup version 0.31-a0-986-g5e6e4ef867 (webtiles) character file.

Game seed: 17857034457109873177

224 promet the Reanimator (level 6, -13/39 (44) HPs)
             Began as a Gnoll Wanderer on Nov 16, 2023.
             Was an Initiate of Wu Jian.
             Succumbed to their own dark miasma
             ... on level 4 of the Dungeon.
             The game lasted 00:17:05 (3938 turns).

promet the Reanimator (Gnoll Wanderer)              Turns: 3938, Time: 00:17:08

HP:   -13/39 (44)   AC:  5    Str:  9    XL:     6   Next: 0%
MP:   9/11          EV: 12    Int: 12    God:    Wu Jian [......]
Gold: 82            SH:  5    Dex: 15    Spells: 5/11 levels left

rFire   . . .        b - +0 sling
rCold   . . .        (no shield)
rNeg    . . .        d - +0 leather armour
rPois   .            h - +1 helmet
rElec   .            (no cloak)
rCorr   .            (no gloves)
SInv    .            (no boots)
Will    +....        k - amulet of reflection
Stlth   ++           (no ring)
HPRegen 0.26/turn    (no ring)
MPRegen 0.12/turn

%: reflection
@: lethally poisoned (-13 -> -71), enlightened, flying, slowed, heavily drained,
very slow
A: fangs 1, strong nose, distributed training
a: Renounce Religion


You were on level 4 of the Dungeon.
You worshipped Wu Jian.
Wu Jian was noncommittal.
You visited 1 branch of the dungeon, and saw 4 of its levels.

You collected 82 gold pieces.

Inventory:

Hand Weapons
 a - a +0 spectral short sword
 b - a +0 sling (weapon)
 o - a +0 long sword
Missiles
 q - 10 stones
Armour
 d - a +0 leather armour (worn)
 f - an orb of wrath
 h - a +1 helmet (worn)
Jewellery
 c - a +6 ring of dexterity
 i - an amulet of the acrobat
 k - an amulet of reflection (around neck)
Scrolls
 j - a scroll of butterflies
Potions
 g - a potion of brilliance {unknown}
 l - a potion of attraction
 m - a potion of might {unknown}
 n - a potion of lignification {unknown}
 p - a potion of magic


   Skills:
 + Level 1.8 Fighting
 + Level 4.9 Short Blades
 + Level 1.8 Long Blades
 + Level 1.8 Axes
 + Level 1.8 Maces & Flails
 + Level 1.8 Polearms
 + Level 1.8 Staves
 + Level 1.8 Ranged Weapons
 + Level 1.8 Throwing
 + Level 1.8 Armour
 + Level 3.1 Dodging
 + Level 1.8 Stealth
 + Level 1.8 Shields
 + Level 1.8 Unarmed Combat
 + Level 3.3 Spellcasting
 + Level 1.4 Conjurations
 + Level 1.4 Hexes
 + Level 1.4 Summonings
 + Level 8.9 Necromancy
 + Level 1.4 Translocations
 + Level 1.4 Transmutations
 + Level 1.4 Fire Magic
 + Level 1.4 Ice Magic
 + Level 1.4 Air Magic
 + Level 1.4 Earth Magic
 + Level 1.4 Poison Magic
 + Level 2.0 Invocations
 + Level 3.1 Evocations
 + Level 1.6 Shapeshifting


You had 5 spell levels left.
You knew the following spells:

 Your Spells              Type           Power      Damage    Failure   Level
a - Kiss of Death         Conj/Necr      56%        2d9       3%          1
b - Cigotuvi's Dreadful   Necr/Pois/Air  22%        N/A       10%         2
c - Call Canine Familiar  Summ           5%         N/A       47%         3

Your spell library contained the following spells:

 Spells                   Type           Power      Damage    Failure   Level
 Animate Dead             Necr           23%        N/A       9%          4
 Hailstorm                Conj/Ice       5%         3d4       47%         3
 Sigil of Binding         Hex            5%         N/A       47%         3
 Dimensional Bullseye     Hex/Tloc       2%         N/A       87%         4
 Leda's Liquefaction      Hex/Erth       2%         N/A       87%         4
 Summon Ice Beast         Ice/Summ       5%         N/A       87%         4
 Simulacrum               Ice/Necr       7%         N/A       99%         6


Dungeon Overview and Level Annotations

Branches:
Dungeon (4/15)
 Temple: D:4-7

Altars:
Elyvilon
Fedhas
Kikubaaqudgha
Makhleb
Wu Jian
Zin


Innate Abilities, Weirdness & Mutations

You have very sharp teeth.
Your uncanny sense of smell can sniff out nearby items.
Your experience applies equally to all skills.


Message History

q - 6 stones
q - 10 stones (gained 4)
Found a blossoming altar of Fedhas.
Found an ancient bone altar of Kikubaaqudgha.
b - a +0 sling (weapon)
You shoot a sling bullet. The endoplasm quivers.
The sling bullet hits the endoplasm but does no damage.
You shoot a sling bullet. The sling bullet hits the endoplasm!
You kill the endoplasm!
The Council accepts your kill.
Magic restored.
The ogre shouts!
Casting: Call Canine Familiar (quite dangerous; 47% risk of failure)
Confirm with . or Enter, or press ? or * to list all spells.
Okay, then.
Unknown command.
Casting: Call Canine Familiar (quite dangerous; 47% risk of failure)
Confirm with . or Enter, or press ? or * to list all spells.
A part of your flesh rots into a cloud of miasma!
You feel drained.
You shoot a sling bullet. The sling bullet hits the ogre.
The ogre is moderately wounded.
You are engulfed in dark miasma.
You are poisoned.
You feel extremely sick.
You shoot a sling bullet. The sling bullet hits the ogre.
The ogre is moderately wounded.
You are engulfed in dark miasma.
You are lethally poisoned!
You feel yourself slow down.
* * * LOW HITPOINT WARNING * * *
You feel extremely sick.
It was a potion of enlightenment.
You feel very buoyant.
You fly up into the air.
You are engulfed in dark miasma.
You are more poisoned.
You feel as though you will be slow longer.
* * * LOW HITPOINT WARNING * * *
You die...

##.# ###### ##......###
##..####..#.###..##...# #
#.....#.......#...#...# #
##............###.....###
##..#.........##.###....
#..##....#........#....
##......##..#.#........
#.....###..#####......
##....@..##.######.)..#
#..............# #.....
#.......O...#..###.....
#.............##.......
##...##..........#..... ###
#.......#.............
##.#####....##....#......##
#...#.#...#......##........
#.......####.....#.....>...


You could see an ogre.

Vanquished Creatures
  A howler monkey (D:4)
  A hound (D:4)
  An orc priest (D:4)
  3 adders (D:4)
  2 worms
  A dart slug (D:3)
  6 orcs
  8 ball pythons
  2 bats
  8 endoplasms
  3 giant cockroaches
  15 goblins
  4 hobgoblins
  4 jackals (D:1)
  3 quokkas
  4 frilled lizards
  5 kobolds
  2 rats (D:1)
73 creatures vanquished.

Notes
Turn   | Place    | Note
-------+----------+-------------------------------------------
     0 | D:1      | promet the Gnoll Wanderer began the quest for the Orb.
     0 | D:1      | promet set off with the following items: a +0 short sword,
                  | a +0 helmet, a potion of heal wounds, a +0 robe; and the
                  | following spell memorised: Kiss of Death; and the following
                  | spells available to memorise: Animate Dead, Cigotuvi's
                  | Dreadful Rot.
     0 | D:1      | Reached XP level 1. HP: 13/13 MP: 4/4
   267 | D:1      | Reached XP level 2. HP: 9/19 MP: 5/5
  1016 | D:1      | Learned a level 2 spell: Cigotuvi's Dreadful Rot
  1106 | D:1      | Reached XP level 3. HP: 21/25 MP: 7/7
  1484 | D:2      | Found a faded altar of an unknown god.
  1508 | D:2      | Reached skill level 1 in Invocations
  1664 | D:2      | Found a glowing silver altar of Zin.
  1888 | D:3      | Reached skill level 1 in Fighting
  1888 | D:3      | Reached skill level 1 in Long Blades
  1888 | D:3      | Reached skill level 1 in Axes
  1888 | D:3      | Reached skill level 1 in Maces & Flails
  1888 | D:3      | Reached skill level 1 in Polearms
  1888 | D:3      | Reached skill level 1 in Staves
  1888 | D:3      | Reached skill level 1 in Ranged Weapons
  1888 | D:3      | Reached skill level 1 in Throwing
  1888 | D:3      | Reached skill level 1 in Armour
  1888 | D:3      | Reached skill level 1 in Stealth
  1888 | D:3      | Reached skill level 1 in Shields
  1888 | D:3      | Reached skill level 1 in Unarmed Combat
  1968 | D:3      | Found a white marble altar of Elyvilon.
  2076 | D:3      | Reached XP level 4. HP: 27/32 MP: 8/8
  2219 | D:3      | Reached skill level 1 in Shapeshifting
  2363 | D:3      | Found an ornate altar of the Wu Jian Council.
  2373 | D:3      | Became a worshipper of the Wu Jian Council
  2735 | D:3      | Found a burning altar of Makhleb.
  2840 | D:4      | Reached skill level 1 in Conjurations
  2840 | D:4      | Reached skill level 1 in Hexes
  2840 | D:4      | Reached skill level 1 in Summonings
  2840 | D:4      | Reached skill level 1 in Translocations
  2840 | D:4      | Reached skill level 1 in Transmutations
  2840 | D:4      | Reached skill level 1 in Fire Magic
  2840 | D:4      | Reached skill level 1 in Ice Magic
  2840 | D:4      | Reached skill level 1 in Air Magic
  2840 | D:4      | Reached skill level 1 in Earth Magic
  2840 | D:4      | Reached skill level 1 in Poison Magic
  2853 | D:4      | Reached XP level 5. HP: 26/37 MP: 9/9
  3288 | D:4      | Noticed an ogre
  3534 | D:4      | Learned a level 3 spell: Call Canine Familiar
  3704 | D:4      | Reached XP level 6. HP: 44/44 MP: 10/10
  3893 | D:4      | Found a blossoming altar of Fedhas.
  3894 | D:4      | Found an ancient bone altar of Kikubaaqudgha.
  3938 | D:4      | Succumbed to their own dark miasma

Illustrated notes

Levels and vault maps discovered:
D:1:      orjb1_clovarrival, layout_basic, minivault_19
D:2:      layout_basic, nicolae_ecumenical_pavilion, basic_altar
D:3:      layout_basic, mainiacjoe_overflow_surrounded_room,
          nicolae_overflow_crystal_walls, nicolae_elyvilon_peaceful_grove
D:4:      layout_cave_pools, grunt_temple_overflow_growth_and_decay

Skill      XL: |  1  2  3  4  5 |
---------------+----------------+-----
Invocations    | 1 2 |  2.0
Fighting       | 1 |  1.8
Long Blades    | 1 |  1.8
Axes           | 1 |  1.8
Maces & Flails | 1 |  1.8
Polearms       | 1 |  1.8
Staves         | 1 |  1.8
Ranged Weapons | 1 |  1.8
Throwing       | 1 |  1.8
Armour         | 1 |  1.8
Stealth        | 1 |  1.8
Shields        | 1 |  1.8
Unarmed Combat | 1 |  1.8
Shapeshifting  | 1 |  1.6
Spellcasting   | 3 |  3.3
Conjurations   | 1 |  1.4
Hexes          | 1 |  1.4
Summonings     | 1 |  1.4
Translocations | 1 |  1.4
Transmutations | 1 |  1.4
Fire Magic     | 1 |  1.4
Ice Magic      | 1 |  1.4
Air Magic      | 1 |  1.4
Earth Magic    | 1 |  1.4
Poison Magic   | 1 |  1.4
Dodging        | 3 |  3.1
Evocations     | 3 |  3.1
Short Blades   | |  4.9
Necromancy     | |  8.9

Action                     |  1- 3 |  4- 6 || total
---------------------------+-------+-------++-------
  Melee: Short sword       |   166 |   114 ||   280
         Bite              |    16 |     9 ||    25
         Punch             |     1 |     2 ||     3
   Fire: Sling             |       |     4 ||     4
   Cast: Cigotuvi's Dreadf |       |     1 ||     1
Ability: Lunge             |       |    10 ||    10
    Use: Scroll            |     5 |     4 ||     9
         Potion            |     1 |     2 ||     3
   Stab: Distracted        |     1 |     2 ||     3
         Sleeping          |       |     1 ||     1
 Armour: Robe              |    41 |       ||    41
         Leather armour    |    32 |    52 ||    84
  Dodge: Dodged            |    82 |    44 ||   126
  Block: Other             |       |    20 ||    20

Table legend: (Time is in decaauts)
 A = Elapsed time spent in this place.
 B = Non-inter-level travel time spent in this place.
 C = Inter-level travel time spent in this place.
 D = Time resting spent in this place.
 E = Time spent auto-exploring this place.
 F = Levels seen in this place.
 G = Mean time per level.
                   A        B        C        D        E       F      G
               +--------+--------+--------+--------+--------+-----+--------+
         Total |   3891 |   3803 |     88 |   1146 |   1073 |   4 |  972.8 |
       Dungeon |   3891 |   3803 |     88 |   1146 |   1073 |   4 |  972.8 |
               +--------+--------+--------+--------+--------+-----+--------+

Top non-repeatable levels by time:
     D:1: 1469 daAuts
     D:4: 1054 daAuts
     D:3: 1021 daAuts
     D:2: 345 daAuts
